woodfighter, chaotic female orcish Cavewoman ------ |.....# -------- |...<|# ------------ |......| |....|# |..........| |......-######---------------- |....|# |..........|# ------.- #...............| ---|--# #...........|######### # ###|..............| # # #------.-----### ---|- ## # # #|..............| # # # ###########+...| ## ### #-------.---.---- # # ### ###|...| ##### # ##################### # # # #....| --.---### # ### # -----|--# #### ----- |....|# # # ####.......|### ---.--- |..>.|## ### # ###|......| # |.....| |....+## # # -......| ##-.....| |....| ############# # |......| |{....| |....| -----+-|- -------- ------- ------ |@......+ |).....>| --------- woodfighter the Cave Teen Experience level: 4 Strength: 17 Dexterity: 17 Constitution: 18 Intelligence: 8 Wisdom: 9 Charisma: 6 Health: 0(38) Energy: 13(13) Def: 2 Gold: 642 Moves: 1866 Dungeon seed: pzSjgmiBoB962K9C Game ID: woodfighter_1486033769 Your Inventory: Coins $ - 642 gold pieces Weapons a - a blessed +1 club (weapon in hand) b - a +2 sling (alternate weapon; not wielded) Armor q - an uncursed +0 leather armor (being worn) Comestibles c - 3 uncursed food rations d - 2 uncursed mangos Gems e - 11 uncursed flints (in quiver) Spells and supernatural/magical abilities: Name Level Category Fail Memory W - pray for help -- divine ? -- Your skills at the end: Miscellaneous Skills bare handed combat [Basic] Weapon Skills scimitar [Basic] club [Basic] sling [Basic] Spellcasting Skills Final Attributes: You were piously aligned. You were poison resistant. You had infravision. You were very stealthy. You are dead. Vanquished creatures: an iguana a rothe 2 orc zombies 2 coyotes 2 hobbits a large kobold 2 geckos 2 giant rats 2 cave spiders a brown mold a red mold 5 manes 2 jackals a kobold 10 newts 6 grid bugs 2 bats 3 lichens 46 creatures vanquished. Voluntary challenges: You did not adorn yourself with jewelry or accessories. You did not cause conflict. You were not invisible. You did not have reflection. You were not displaced. You had been an atheist until turn 1852. You used a wielded weapon 54 times, starting on turn 168. You did not use tools. You did not use plumbed fixtures. You did not drink any magical draughts. You were illiterate. You never genocided any monsters. You never polymorphed an object. You never changed form. You used no wishes. You never split a pudding. You never wrote Elbereth's name. You never violated your personal moral code. Dungeon overview: The Dungeons of Doom: levels 1 to 5 Level 1 a sink a long staircase Level 2 (vault) some fountains Level 3 (closed shop) a fountain Level 4 <- You were here an altar to Anshar, a fountain stairs to The Gnomish Mines Level 5 The Gnomish Mines: Level 5 stairs to The Dungeons of Doom History has recorded: On T:1 you entered the Dungeons of Doom to retrieve the Amulet of Yendor! On T:224 you reached level 2 of The Dungeons of Doom. On T:262 you reached level 3 of The Dungeons of Doom. On T:590 you advanced to experience level 2. On T:1016 you advanced to experience level 3. On T:1159 you reached level 4 of The Dungeons of Doom. On T:1380 you advanced to experience level 4. On T:1735 you reached level 5 of The Dungeons of Doom. On T:1839 you reached level 1 of The Gnomish Mines. On T:1852 you received Valerian from Anshar. Score breakdown: Gold: 642 ( 64 points) Experience: 4 levels ( 300 points) Exploration: 5 levels ( 120 points) Discoveries: 0 items ( 0 points) Variety of kills: 18 monsters ( 900 points) Major goal: (nothing yet) ( 0 points) Survival: died (score multiplied by 3) Total score: 4152 Latest messages: Your movements are slowed slightly because of your load. Your sacrifice is consumed in a burst of flame! An object appears at your feet! The voice of Anshar thunders: "Use my gift wisely!" Your movements are now unencumbered. You are blasted by the dagger named Valerian's power! u - a dagger named Valerian. You see here a sling. A dagger named Valerian lands on the altar. There is an amber flash as 10 darts hit the altar. An elven mithril-coat lands on the altar. A hooded cloak lands on the altar. A lichen corpse lands on the altar. 2 labeled HACKEM MUCHEs land on the altar. A labeled READ ME lands on the altar. A labeled EIGOWA KIRAIDES lands on the altar. A violet spellbook lands on the altar. A light brown spellbook lands on the altar. 2 swirly potions land on the altar. There is an amber flash as an emerald potion hits the altar. A blindfold lands on the altar. You are blasted by the dagger named Valerian's power! You die... Final status: Goodbye woodfighter the Cavewoman, killed by touching Valerian... You died in The Dungeons of Doom on dungeon level 4 with 4152 points, and 642 pieces of gold, after 1866 moves. You were level 4 with a maximum of 38 hit points when you died.